 Dungeon Crawl Stone Soup version 0.29.0-11-gd7f09526c8 (webtiles) character file.

Game seed: 16033565598503764328

53 Lochraine the Magician (level 4, 0/31 HPs)
             Began as a Djinni Earth Elementalist on Sept 3, 2022.
             Slain by a scorpion (4 damage)
             ... on level 2 of the Dungeon.
             The game lasted 00:03:21 (1740 turns).

Lochraine the Magician (Djinni Earth Elementalist)  Turns: 1740, Time: 00:03:21

Health: 0/31       AC:  3    Str:  7    XL:     4   Next: 10%
Gold:   47         EV: 12    Int: 19    God:
                   SH:  0    Dex: 13

rFire   + + .      SeeInvis .   b - +0 hand axe
rCold   x . .      Faith    .   (no shield)
rNeg    . . .      Spirit   .   a - +0 robe
rPois   ∞          Reflect  .   (no helmet)
rElec   .          Harm     .   d - +0 cloak
rCorr   .          Rampage  .   (no gloves)
Will    .....                   (boots unavailable)
Stlth   ++........              (no amulet)
HPRegen 0.10/turn               (no ring)
MPRegen 0.00/turn               (no ring)

@: brilliant, flying
A: sickness immunity, fire resistance 2, cold vulnerability 1, float, innate
caster, HP casting, extra vitality 1
a: no special abilities


You were on level 2 of the Dungeon.
You visited 1 branch of the dungeon, and saw 2 of its levels.

You collected 47 gold pieces.

Inventory:

Hand Weapons
 b - a +0 hand axe (weapon)
   (You found it on level 1 of the Dungeon)
Armour
 a - a +0 robe (worn)
 d - a +0 cloak (worn)
   (You found it on level 1 of the Dungeon)
 e - a +0 ring mail
   (You found it on level 1 of the Dungeon)
 f - a +0 ring mail
   (You found it on level 1 of the Dungeon)
Scrolls
 c - 2 scrolls of identify {@r1}
 i - a scroll of teleportation {unknown}
Potions
 g - 2 potions of flight


   Skills:
 - Level 2.1 Dodging
 - Level 1.5 Stealth
 + Level 3.6 Spellcasting


You couldn't memorise any spells.
You knew the following spells:

 Your Spells              Type           Power      Damage    Failure   Level
a - Sandblast             Erth           52%        2d12      3%          1
b - Stone Arrow           Conj/Erth      52%        3d10      10%         3
c - Apportation           Tloc           52%        N/A       3%          1
q - Passwall              Tmut/Erth      21%        N/A       4%          2
x - Petrify               Tmut/Erth      26%        N/A       30%         4
Your spell library was empty.

Dungeon Overview and Level Annotations

Branches:
Dungeon (2/15) Zot: 10231

Altars:


Innate Abilities, Weirdness & Mutations

You are immune to sickness and miasma.
You are immune to poison.
Your flesh is very heat resistant. (rF++)
You are vulnerable to cold. (rC-)
You float through the air rather than walking.
You learn spells naturally, not from books.
Your magical power is your life essence.
You have superior vitality. (+4 MHP)


Message History

The adder bites you but does no damage.
Aim: an adder (severely wounded, 70% to hit)
The blast of sand hits the adder!
You kill the adder!
You have reached level 4!
You feel clever.
You see here an adder corpse.
Found a stone staircase leading down.
Found an escape hatch in the ceiling.
A ball python comes into view.
A scorpion comes into view.
The ball python hisses angrily.
The ball python closely misses you. The ball python grabs you.
The ball python constricts you. The scorpion barely misses you.
The ball python bites you. The ball python constricts you.
Unknown command.
You escape the ball python's grasp.
The scorpion attacks as you move away! The scorpion closely misses you.
The scorpion attacks as you move away! The scorpion stings you.
The scorpion attacks as you move away! The scorpion barely misses you.
The scorpion stings you.
Unknown command.
The spell is quite dangerous to miscast (10% risk of failure)!
Continue anyway?
Aim: a ball python (64% to hit)
The stone arrow hits the scorpion.
The scorpion stings you but does no damage.
As you read the scroll labelled ACUGIOZ EGAUDOLE, it crumbles to dust.
It is a scroll of identify.
g - 2 potions of flight The scorpion barely misses you.
Aim: a ball python (80% to hit)
The blast of sand hits the scorpion.
The scorpion stings you.
* * * LOW HITPOINT WARNING * * *
The scorpion stings you but does no damage.
Okay, then.
Aim: a ball python (80% to hit)
The blast of sand hits the scorpion.
* * * LOW HITPOINT WARNING * * *
The scorpion stings you.
* * * LOW HITPOINT WARNING * * *
The scorpion stings you but does no damage.
Unknown command.
The scorpion attacks as you move away! The scorpion stings you.
* * * LOW HITPOINT WARNING * * *
The scorpion attacks as you move away! The scorpion stings you.
* * * LOW HITPOINT WARNING * * *
It was a potion of brilliance.
You feel clever all of a sudden. The scorpion stings you.
You die...

.#....# #..#.#.#P
.....# #..PPP..P
#.#.#.###..#.#.#P
#..........#.P.
#####.##...#.#(#
#†##...P.P...
#.##...#.#.#.
#######.#.#..#...
.........##@########
#######.###s........
#.# ##S##.###
#.####.##.####
##.....#......
##......#..#
#.......#..#
#........#
#.>.....#..#


You could see a scorpion and a ball python.

Vanquished Creatures
  2 adders (D:2)
  A dart slug (D:1)
  6 bats (D:1)
  4 endoplasms (D:1)
  7 goblins (D:1)
  2 hobgoblins (D:1)
  A quokka (D:1)
  A ball python (D:1)
  2 frilled lizards (D:1)
  2 kobolds (D:1)
  5 rats (D:1)
33 creatures vanquished.

Notes
Turn   | Place    | Note
-------+----------+-------------------------------------------
     0 | D:1      | Lochraine the Djinni Earth Elementalist began the quest for
                  | the Orb.
     0 | D:1      | Lochraine set off with the following spells memorised:
                  | Sandblast, Passwall, Stone Arrow, Petrify.
     0 | D:1      | Reached XP level 1. HP: 15/15 MP: 0/0
   224 | D:1      | Reached XP level 2. HP: 20/21 MP: 0/0
   372 | D:1      | Reached skill level 3 in Spellcasting
   653 | D:1      | Reached XP level 3. HP: 15/25 MP: 0/0
   653 | D:1      | Learned a level 1 spell: Apportation
  1683 | D:2      | Reached XP level 4. HP: 28/31 MP: 0/0
  1727 | D:2      | Noticed a scorpion
  1740 | D:2      | Slain by a scorpion

Illustrated notes

Levels and vault maps discovered:
D:1:      dpeg_arrival_boxes_within_box, layout_loops_ring
D:2:      layout_loops_ring, shapermc_ecumenical_altar_mp_urbaneastern,
          hangedman_decor_growths, roderic_roman_lattice, uniq_natasha,
          uniq_sigmund

Skill      XL: |  1  2 |
---------------+-------+-----
Spellcasting   | 3 |  3.6
Dodging        | |  2.1
Stealth        | |  1.5

Action                   |  1- 3 |  4- 6 || total
-------------------------+-------+-------++-------
Melee: Hand axe          |    50 |       ||    50
 Cast: Sandblast         |    25 |     2 ||    27
       Stone Arrow       |       |     1 ||     1
  Use: Scroll            |       |     1 ||     1
       Potion            |       |     1 ||     1
Armor: Robe              |    17 |     3 ||    20
Dodge: Dodged            |    42 |     5 ||    47
